 Dungeon Crawl Stone Soup version 0.27.0-1-g7a089689b8 (webtiles) character file.

Game seed: 14367991583966472673

182874 bearlyready the Warrior (level 18, -18/149 HPs)
             Began as a Djinni Gladiator on Aug 3, 2021.
             Was a High Priest of Ashenzari.
             Demolished by an Ice Fiend (64 damage)
             ... summoned by a deep elf demonologist
             ... on level 1 of the Elven Halls.
             The game lasted 01:46:30 (35879 turns).

bearlyready the Warrior (Djinni Gladiator)         Turns: 35879, Time: 01:46:30

Health: -18/149    AC: 34    Str: 21    XL:     18   Next: 61%
Gold:   2011       EV: 14    Int: 13    God:    Ashenzari [*****.] SH: 11 Dex: 18

rFire    + + +     SeeInvis +   H - +9 double sword (vamp)
rCold    x . .     Faith    .   M - +3 warlock's mirror {reflect, Melee, Self} (curse)
rNeg     . . .     Spirit   .   B - +7 plate armour of Curses and Power {rF+ rCorr, Range, Self} (curse)
rPois    ∞         Reflect  +   l - +2 helmet of Panopticon {Fort, Range} (curse)
rElec    .         Harm     .   (no cloak)
rCorr    +         Rampage  .   p - +0 pair of gloves of Toth-Mos's Legacy {Fort, Cun} (curse)
Will     +....     Clarity  +   (boots unavailable)
Stlth    ..........             T - amulet "Shattered Together" {Regen+, Melee, Evo} (curse)
HPRegen  1.34/turn              N - ring of Ashenzari's Omen {Wiz Str+2 Dex+4, Evo, Fort} (curse)
MPRegen  0.00/turn              Y - ring of Curses and Power {AC+4, Self, Fort} (curse)

@: about to teleport, flying
A: sickness immunity, fire resistance 2, cold vulnerability 1, float, innate
caster, hp casting, extra vitality 1
}: 1/15 runes: decaying
a: Renounce Religion, Curse Item, Shatter the Chains


You were on level 1 of the Elven Halls.
You worshipped Ashenzari.
Ashenzari was extremely pleased with you.
You visited 5 branches of the dungeon, and saw 28 of its levels.
You also visited: Bailey and Gauntlet.

You collected 2655 gold pieces.
You spent 644 gold pieces at shops.

Inventory:

Hand Weapons
 d - a +0 scimitar of flaming
 n - the +8 arc blade {discharge, rElec}
   (You took it off a tengu warrior on level 13 of the Dungeon)

   It occasionally unleashes powerful arcs of lightning upon striking a foe.
   These may arc to other adjacent creatures (including the wielder, but dealing
   reduced damage to them) before grounding out.
   rElec:     It insulates you from electricity.
 H - a +9 vampiric double sword (weapon)
Missiles
 h - 39 poisoned darts
 o - 8 atropa-tipped darts
 y - 10 curare-tipped darts
 C - 14 datura-tipped darts
 E - a throwing net
 G - 10 javelins
 I - 26 boomerangs (quivered)
 R - 3 silver javelins
Armour
 b - the +2 hat of the Lion {Will+ Stlth+}
   (You found it on level 3 of the Lair of Beasts)

   Will:      It increases your willpower.
   Stlth:     It makes you more stealthy.
 l - the cursed +2 helmet of Panopticon (worn) {Fort, Range}
   (You found it on level 5 of the Dungeon)

   It has a curse which improves the following skills: Fortitude: Armour and
   Shields.
   Ranged Combat: Slings, Bows, Crossbows and Throwing.
 p - the cursed +0 pair of gloves of Toth-Mos's Legacy (worn) {Fort, Cun}
   (You found it on level 1 of the Dungeon)

   It has a curse which improves the following skills: Fortitude: Armour and
   Shields.
   Cunning:   Dodging and Stealth.
 B - the cursed +7 plate armour of Curses and Power (worn) {rF+ rCorr, Range, Self}
   (You found it on level 7 of the Dungeon)

   rF:        It protects you from fire.
   rCorr:     It protects you from acid and corrosion.
   It has a curse which improves the following skills: Ranged Combat: Slings,
   Bows, Crossbows and Throwing.
   Introspection: Fighting and Spellcasting.
 M - the cursed +3 warlock's mirror (worn) {reflect, Melee, Self}
   (You found it on level 10 of the Dungeon)

   It can block and reflect piercing ranged attacks and magical attacks against
   the wielder's willpower.
   It has a curse which improves the following skills: Melee Combat: Short
   Blades, Long Blades, Axes, Maces & Flails, Polearms, Staves and Unarmed
   Combat.
   Introspection: Fighting and Spellcasting.
 Q - a +0 tower shield
Jewellery
 N - the cursed ring of Ashenzari's Omen (left hand) {Wiz Str+2 Dex+4, Evo, Fort}
   (You found it on level 10 of the Dungeon)

   [ring of wizardry]

   It improves your spell success rate.
   Str:       It affects your strength (+2).
   Dex:       It affects your dexterity (+4).
   It has a curse which improves the following skills: Evocations: Evocations.
   Fortitude: Armour and Shields.
 T - the cursed amulet "Shattered Together" (around neck) {Regen+, Melee, Evo}
   (You found it on level 1 of the Lair of Beasts)

   [amulet of regeneration]

   Regen:     It increases your rate of health regeneration.
   It has a curse which improves the following skills: Melee Combat: Short
   Blades, Long Blades, Axes, Maces & Flails, Polearms, Staves and Unarmed
   Combat.
   Evocations: Evocations.
 Y - the cursed ring of Curses and Power (right hand) {AC+4, Self, Fort}
   (You found it on level 2 of the Lair of Beasts)

   [ring of protection]

   AC:        It affects your AC (+4).
   It has a curse which improves the following skills: Introspection: Fighting
   and Spellcasting.
   Fortitude: Armour and Shields.
Wands
 v - a wand of flame (24)
 A - a wand of paralysis (4)
 F - a wand of iceblast (27)
 P - a wand of polymorph (16)
 W - a wand of mindburst (8)
Scrolls
 a - 3 scrolls of enchant weapon
 i - 2 scrolls of holy word
 j - 21 scrolls of identify
 q - 4 scrolls of silence
 u - 3 scrolls of immolation
 x - 8 scrolls of enchant armour
 z - 9 scrolls of fog
 D - 5 scrolls of magic mapping
 S - 2 scrolls of teleportation
 U - a scroll of brand weapon
 V - a scroll of fear
Potions
 c - a potion of invisibility
 e - 3 potions of might
 f - 3 potions of flight
 g - 2 potions of heal wounds
 k - 2 potions of resistance
 m - 9 potions of lignification
 r - 4 potions of ambrosia
 s - 8 potions of brilliance
 t - 10 potions of curing
 w - 8 potions of attraction
 J - 2 potions of haste
 K - 3 potions of mutation
 L - a potion of cancellation
 X - 2 potions of berserk rage
Miscellaneous
 O - a phantom mirror
 Z - a piece from Xom's chessboard (15/15)


   Skills:
 + Level 15.0(19.6) Fighting
 + Level 13.2(16.8) Long Blades
 - Level 7.0(11.0) Throwing
 + Level 11.6(17.5) Armour
 + Level 12.4(14.7) Dodging
 - Level 2.0(4.0) Stealth
 - Level 7.0(13.1) Shields
 - Level 8.0(13.1) Spellcasting
 + Level 11.7(15.3) Evocations


You had 11 spell levels left.
You knew the following spells:

 Your Spells              Type           Power      Damage    Failure   Level
a - Animate Skeleton      Necr           84%        N/A       1%          1
b - Corpse Rot            Necr/Air       N/A        N/A       1%          2
c - Summon Guardian Gole  Hex/Summ       42%        N/A       1%          3
d - Summon Ice Beast      Ice/Summ       42%        N/A       1%          4
e - Petrify               Tmut/Erth      42%        N/A       1%          4
f - Irradiate             Conj/Tmut      21%        3d20      3%          5
g - Iron Shot             Conj/Erth      21%        9d5       19%         6
h - Malign Gateway        Summ/Tloc      21%        N/A       69%         7
Your spell library was empty.

Dungeon Overview and Level Annotations

Branches:
Dungeon (15/15)            Temple (0/1) D:6            Lair (6/6) D:10
  Swamp (4/4) Lair:4        Snake (0/4) Lair:4        Slime (0/5) Lair:5
    Orc (2/2) D:10            Elf (1/3) Orc:2        Vaults (0/5) D:14
 Bailey (visited)         Gauntlet (visited)
 Depths: D:15

Altars:
Ashenzari
Cheibriados
Fedhas
Gozag
Sif Muna
Trog
Uskayaw
Zin
Beogh
Jiyva
Lugonu

Shops:
Orc:2 [*=(   Elf:1 (

Portals:
Abyss: Lair:6

Annotations:
D:10 Fannar
Lair:3 6 runed translucent doors
Lair:4 exclusion: 2 oklob plants


Innate Abilities, Weirdness & Mutations

You are immune to sickness and miasma.
You are immune to poison.
Your flesh is very heat resistant. (rF++)
You are vulnerable to cold. (rC-)
You float through the air rather than walking.
You learn spells naturally, not from books.
Your magical power is your life essence.
You have superior vitality. (+4 HP)


Message History

The air elemental is engulfed in blazing flames.
The deep elf pyromancer mumbles some strange words.
The deep elf pyromancer blinks!
You block the sixfirhy's attack. The shadow demon closely misses you.
The Ice Fiend calls on the powers of darkness!
Your body is wracked with pain!
* * * LOW HITPOINT WARNING * * *
The deep elf demonologist convulses!
The deep elf knight convulses!
The deep elf pyromancer convulses!
The deep elf archer convulses!
The tormentor hits you but does no damage.
The tormentor closely misses you.
The air elemental is engulfed in blazing flames.
The deep elf demonologist gestures wildly while chanting.
The deep elf knight gestures wildly while chanting.
The deep elf knight seems to speed up.
You feel much better.
The sixfirhy hits you but does no damage. x2
The air elemental is engulfed in blazing flames.
The air elemental is destroyed!
The tormentor hits you but does no damage.
The tormentor closely misses you.
The shadow demon gestures.
The Ice Fiend claws you! The Ice Fiend freezes you!!
You feel a terrible chill!
* * * LOW HITPOINT WARNING * * *
The Ice Fiend claws you but does no damage.
You block the deep elf demonologist's attack.
Okay, then.
Okay, then.
You feel much better.
The tormentor hits you but does no damage.
You block the tormentor's attack. You block the shadow demon's attack.
The Ice Fiend barely misses you.
You riposte.
You hit the Ice Fiend.
The Ice Fiend is lightly wounded.
The Ice Fiend claws you but does no damage.
The deep elf demonologist hits you but does no damage.
You feel much better. The tormentor misses you.
You block the tormentor's attack. The shadow demon hits you.
The Ice Fiend completely misses you. The Ice Fiend claws you.
The Ice Fiend freezes you!!!
You feel a terrible chill!
You die...

.########..#..#..+ *,, ,+ ,#,#.#
.#....e.#..#..#..# , ,# #.#.#
.#......#..#..#..#, , +, #. #.#.#
.#......#..#..#..# + #..#.#.#
.####+###..#..#eE# ..+.#.#
...........#..#(e#.# ,** * #.+.#
...........#..#Ee#(#,,, ,, #.#.#
############..#e2#.# , ,, #.#.'
..............#2@#.#######+##.#.#
..............#31#...E........#.#
#######'#######..##############.#
..............)..................
.................................
#######'###########'#############
.......).........................
......)..........>^........,
#######'###########..###### **+*


You could see an Ice Fiend (summoned), a shadow demon (summoned), a deep elf
demonologist, a deep elf archer (repels missiles), a deep elf knight (fast), an
earth elemental (summoned), a deep elf pyromancer, a sixfirhy (summoned), a
tormentor (summoned), a fire elemental (summoned) and a +2 battleaxe of flaming
(summoned).

Vanquished Creatures
  A tentacled monstrosity (Swamp:3)
  A thorn hunter (Swamp:4)
  An orc warlord (Orc:2)
  2 bunyips (Swamp:1)
  5 eleionomae
  4 shambling mangroves
  4 vault guards (D:14)
  A rakshasa (D:14)
  30 hydras
  4 ogre magi (Orc:2)
  Erolcha (D:11)
  2 boulder beetles
  2 centaur warriors
  3 ghost crabs
  A catoblepas (Lair:2)
  16 two-headed ogres
  10 alligators
  Erica (D:9)
  3 dancing weapons (Elf:1)
  3 death yaks (Lair:5)
  A tengu warrior (D:13)
  Nergalle (D:11)
  An orc high priest (Orc:1)
  Urug (D:11)
  4 deep elf knights
  3 thrashing horrors (Lair:6)
  5 goliath frogs
  5 swamp dragons (Swamp:4)
  2 spriggan druids (Swamp:4)
  A wizard (D:14)
  7 bog bodies
  4 deep elf archers (Elf:1)
  A lindwurm (Lair:6)
  A harpy (shapeshifter) (Lair:6)
  8 deep elf zephyrmancers (Elf:1)
  An orb spider (shapeshifter) (Lair:6)
  8 orc knights
  5 ugly things
  3 orc sorcerers
  10 deep elf pyromancers
  A wolf spider (Lair:3)
  2 manticores
  6 cyclopes
  2 will-o-the-wisps (Swamp:3)
  2 black mambas
  6 elephants
  An unseen horror (D:12)
  13 cane toads
  A gargoyle (D:14)
  5 rime drakes
  3 komodo dragons
  2 yaktaurs
  Psyche (D:9)
  2 freezing wraiths
  3 ancient zymes (Lair:6)
  A queen bee (D:12)
  6 meliai
  A jumping spider (Lair:3)
  A polar bear (shapeshifter) (Lair:6)
  8 trolls
  7 tyrant leeches
  9 hornets
  A polar bear (Lair:6)
  16 blink frogs
  2 raiju (D:13)
  13 dream sheep
  Prince Ribbit (D:5)
  14 slime creatures
  An air elemental (Elf:1)
  2 ynoxinuls (Lair:6)
  12 spriggans
  3 shadows
  A redback (Lair:3)
  Grum (D:9)
  25 yaks
  A hog (shapeshifter) (Lair:6)
  4 wyverns
  6 basilisks
  2 large abominations (Lair:6)
  7 vampire mosquitoes
  12 swamp worms
  2 nagas (Lair:4)
  5 wargs
  3 acid dragons
  18 water moccasins
  A sky beast (D:7)
  9 swamp drakes
  34 orc warriors
  27 ogres
  5 centaurs
  45 wolves
  2 phantoms (D:6)
  6 kobold brigands
  A gnoll sergeant (D:12)
  11 bullfrogs
  A scorpion (D:4)
  8 small abominations (Lair:6)
  A wyvern skeleton (D:6)
  A water moccasin zombie (D:6)
  15 killer bees
  11 wights
  A howler monkey (D:8)
  2 centaur zombies
  A hound (D:4)
  A centaur skeleton (D:7)
  3 jellies (D:6)
  13 orc priests
  2 gnoll shamans
  5 iguanas
  16 orc wizards
  Ijyb (D:5)
  3 killer bee zombies
  A hound skeleton (D:4)
  2 howler monkey zombies (D:9)
  14 gnolls
  8 adders
  2 shadow imps
  2 white imps
  An ufetubus (D:6)
  3 dart slugs
  79 orcs
  5 bats
  8 endoplasms
  2 giant cockroaches
  7 goblins
  8 hobgoblins
  3 jackals (D:3)
  5 quokkas
  6 ball pythons
  6 frilled lizards
  20 kobolds
  6 rats
816 creatures vanquished.

Vanquished Creatures (collateral kills)
  A hydra (Swamp:2)
  A will-o-the-wisp (Swamp:2)
  A moth of wrath (shapeshifter) (D:13)
  A swamp worm (Swamp:2)
  A swamp drake (Swamp:4)
  2 wolves (Lair:6)
  An orc priest (D:8)
  2 orc wizards
  5 orcs
15 creatures vanquished.

Vanquished Creatures (others)
  A wizard (D:14)
  A will-o-the-wisp (Swamp:1)
  6 bloated husks
  A hornet (Swamp:3)
  A centaur (D:10)
  16 foxfires
  27 fungi
  43 plants
96 creatures vanquished.

Grand Total: 927 creatures vanquished

Notes
Turn   | Place    | Note
-------+----------+-------------------------------------------
     0 | D:1      | bearlyready the Djinni Gladiator began the quest for the
                  | Orb.
     0 | D:1      | Reached XP level 1. HP: 18/18 MP: 0/0
    39 | D:1      | You are sucked into a shaft and drop 1 floor!
   124 | D:2      | Reached XP level 2. HP: 23/23 MP: 0/0
   172 | D:2      | HP: 1/23 [gnoll (4)]
   185 | D:3      | HP: 1/23 [jackal (1)]
   190 | D:3      | Reached skill level 1 in Stealth
   526 | D:3      | Reached XP level 3. HP: 26/28 MP: 0/0
   526 | D:3      | Learned a level 1 spell: Animate Skeleton
   885 | D:3      | Reached XP level 4. HP: 33/33 MP: 0/0
  1435 | D:3      | Reached XP level 5. HP: 32/38 MP: 0/0
  1435 | D:3      | Learned a level 2 spell: Corpse Rot
  1823 | D:2      | Reached skill level 1 in Spellcasting
  3449 | D:3      | Found a faded altar of an unknown god.
  3597 | D:4      | Reached XP level 6. HP: 28/43 MP: 0/0
  3738 | D:4      | Noticed an ogre
  3752 | D:4      | Killed an ogre
  4061 | D:4      | Reached XP level 7. HP: 40/49 MP: 0/0
  4061 | D:4      | Learned a level 3 spell: Summon Guardian Golem
  4426 | D:4      | Found a blossoming altar of Fedhas.
  4534 | D:5      | Entered Level 5 of the Dungeon
  4560 | D:5      | Noticed Ijyb
  4604 | D:5      | Killed Ijyb
  4944 | D:5      | Noticed a two-headed ogre
  5182 | D:5      | Found a broken altar of Ashenzari.
  5370 | D:5      | Became a worshipper of Ashenzari the Shackled
  5588 | D:6      | Found an opulent altar of Gozag.
  5588 | D:6      | Noticed a water moccasin
  5808 | D:6      | Killed a water moccasin
  5895 | D:6      | Found a staircase to the Ecumenical Temple.
  5914 | D:6      | Reached skill level 5 in Long Blades
  6351 | D:6      | Reached XP level 8. HP: 36/54 MP: 0/0
  6477 | D:6      | Reached skill level 1 in Evocations
  8225 | D:7      | Found a snail-covered altar of Cheibriados.
  8364 | D:6      | Reached XP level 9. HP: 24/58 MP: 0/0
  8364 | D:6      | Learned a level 4 spell: Summon Ice Beast
  8580 | D:7      | Reached skill level 1 in Armour
  8976 | D:7      | Found a hide-covered altar of Uskayaw.
  9484 | D:7      | Found a bloodstained altar of Trog.
  9648 | D:7      | Identified the +7 plate armour of Lommihasa {rF+ rCorr}
  9999 | D:7      | Reached * piety under Ashenzari
 10287 | D:8      | Reached skill level 5 in Evocations
 11426 | D:8      | Reached skill level 3 in Fighting
 11816 | D:5      | Noticed Prince Ribbit
 12053 | D:5      | Killed Prince Ribbit
 12054 | D:5      | Reached skill level 4 in Fighting
 12073 | D:5      | Killed a two-headed ogre
 12074 | D:5      | Reached skill level 5 in Fighting
 12074 | D:5      | Reached XP level 10. HP: 44/73 MP: 0/0
 12396 | D:9      | Found a flagged portal.
 12405 | Bailey   | Entered a bailey
 12514 | Bailey   | Reached skill level 6 in Fighting
 12635 | Bailey   | Reached skill level 9 in Fighting
 12635 | Bailey   | Reached XP level 11. HP: 86/86 MP: 0/0
 12635 | Bailey   | Learned a level 4 spell: Petrify
 12636 | Bailey   | Reached skill level 10 in Fighting
 12636 | Bailey   | Reached skill level 5 in Throwing
 12636 | Bailey   | Reached XP level 12. HP: 94/94 MP: 0/0
 12676 | Bailey   | Reached skill level 11 in Fighting
 12971 | D:9      | Noticed Grum
 13138 | D:9      | Noticed Psyche
 13172 | D:8      | Identified the cursed +2 helmet of Panopticon {Fort, Range}
                  | (You found it on level 5 of the Dungeon)
 13237 | D:9      | Found a glowing silver altar of Zin.
 13774 | D:9      | Noticed a two-headed ogre
 13776 | D:9      | Noticed a centaur warrior
 13787 | D:9      | Killed a two-headed ogre
 13788 | D:9      | Reached XP level 13. HP: 64/102 MP: 0/0
 13788 | D:9      | Learned a level 5 spell: Irradiate
 13789 | D:9      | Killed a centaur warrior
 13790 | D:9      | Reached skill level 5 in Spellcasting
 14124 | D:9      | Killed Psyche
 14125 | D:9      | Reached skill level 12 in Fighting
 14362 | D:9      | Noticed Erica
 14378 | D:9      | Killed Erica
 14492 | D:9      | Killed Grum
 14881 | D:10     | Entered Level 10 of the Dungeon
 14881 | D:10     | Found the +3 warlock's mirror {reflect}
 15940 | D:9      | Identified the +8 flail "Keplinet" {vorpal, rElec rN+ Will+
                  | Int-3}
 16678 | D:10     | Identified the ring of Xom's Recklessness {Wiz Str+2 Dex+4}
 16782 | D:10     | Found a staircase to the Lair.
 16882 | D:10     | Found a staircase to the Orcish Mines.
 16883 | D:10     | Noticed Fannar
 17148 | D:10     | Reached skill level 1 in Shields
 17537 | D:11     | Noticed Erolcha
 17556 | D:11     | Killed Erolcha
 17660 | D:11     | Noticed Snorg
 17762 | D:11     | Reached ** piety under Ashenzari
 17807 | D:11     | Identified Sif Muna's Disquisition on Execration
 17840 | D:11     | Noticed Urug
 17878 | D:11     | Killed Urug
 18152 | D:11     | Noticed Nergalle
 18166 | D:11     | Killed Nergalle
 18631 | D:11     | Noticed a centaur warrior
 18636 | D:11     | Killed a centaur warrior
 18860 | D:11     | Noticed Snorg
 18860 | D:11     | Snorg changed into Snorg the yaktaur
 18865 | D:11     | Killed Snorg the yaktaur
 18992 | D:11     | Noticed a boulder beetle
 18993 | D:11     | a boulder beetle changed into an alligator
 19280 | D:12     | Reached XP level 14. HP: 82/112 MP: 0/0
 19778 | D:12     | Reached skill level 5 in Dodging
 19942 | D:12     | Reached *** piety under Ashenzari
 21511 | D:13     | Noticed a storm dragon
 21934 | D:14     | Reached skill level 5 in Armour
 22419 | D:14     | Reached skill level 13 in Fighting
 22435 | D:14     | Reached skill level 5 in Shields
 22983 | D:14     | Found a gate to the Vaults.
 24077 | D:13     | Identified the +6 plate armour "Tudoinae" {rF+ Will+}
 24363 | D:15     | Entered Level 15 of the Dungeon
 24599 | Lair:1   | Entered Level 1 of the Lair of Beasts
 24623 | Lair:1   | Found a gate leading to a gauntlet.
 24632 | Gauntlet | Entered a Gauntlet
 24632 | Gauntlet | Found a transporter.
 24632 | Gauntlet | Found a transporter.
 24644 | Gauntlet | Found a transporter.
 24647 | Gauntlet | Found a transporter.
 24655 | Gauntlet | Found a transporter.
 24658 | Gauntlet | Found a transporter.
 24666 | Gauntlet | Identified the +2 hat of Tiganwi {Dex+2 Stlth+}
 24666 | Gauntlet | Found a transporter.
 24686 | Gauntlet | Found a transporter.
 24688 | Gauntlet | Identified the amulet of the Hero {Spirit Drain rPois Int+5
                  | Dex+3}
 24704 | Gauntlet | Found a transporter.
 24707 | Gauntlet | Found a transporter.
 24717 | Gauntlet | Found a transporter.
 24721 | Gauntlet | Identified the +4 long sword of Tension {venom, +Blink}
 24730 | Gauntlet | Found a transporter.
 25168 | Lair:1   | Reached **** piety under Ashenzari
 25299 | Lair:1   | Reached XP level 15. HP: 111/121 MP: 0/0
 25299 | Lair:1   | Learned a level 6 spell: Iron Shot
 26309 | Lair:3   | Reached ***** piety under Ashenzari
 26953 | Lair:3   | Found a runed translucent door.
 26955 | Lair:3   | Identified the +2 hat of the Lion {Will+ Stlth+}
 26955 | Lair:3   | Found the +8 whip "Snakebite" {venom, curare, rPois}
 26991 | Lair:3   | Found a runed translucent gate.
 26991 | Lair:3   | Found a runed translucent gate.
 26991 | Lair:3   | Found a runed translucent gate.
 26991 | Lair:3   | Found a runed translucent gate.
 26991 | Lair:3   | Found a runed translucent gate.
 26991 | Lair:3   | Found a runed translucent gate.
 27140 | Lair:4   | Found a staircase to the Snake Pit.
 27302 | Lair:4   | Found a staircase to the Swamp.
 28105 | Lair:5   | Found a viscous altar of Jiyva.
 28106 | Lair:5   | Found a staircase to the Slime Pits.
 28344 | Lair:5   | Found a hide-covered altar of Uskayaw.
 28586 | Lair:6   | Entered Level 6 of the Lair of Beasts
 29112 | Lair:6   | Reached XP level 16. HP: 72/132 MP: 0/0
 29456 | Lair:6   | Found a broken altar of Ashenzari.
 29869 | Lair:6   | Found a corrupted altar of Lugonu.
 29870 | Lair:6   | Found a one-way gate to the infinite horrors of the Abyss.
 30170 | Swamp:1  | Entered Level 1 of the Swamp
 30447 | Swamp:1  | Reached skill level 10 in Dodging
 31533 | Swamp:2  | Reached skill level 10 in Evocations
 31794 | Swamp:3  | Reached XP level 17. HP: 51/139 MP: 0/0
 31794 | Swamp:3  | Learned a level 7 spell: Malign Gateway
 31877 | Swamp:3  | Reached skill level 14 in Fighting
 32044 | Swamp:2  | Reached skill level 10 in Armour
 32143 | Swamp:3  | Noticed a tentacled monstrosity
 32311 | Swamp:3  | Identified the +7 hunting sling "Fec Xiat" {vorpal, Int+4}
 32349 | Swamp:3  | Killed a tentacled monstrosity
 32655 | Swamp:4  | Entered Level 4 of the Swamp
 33123 | Swamp:4  | Noticed a thorn hunter
 33172 | Swamp:4  | Killed a thorn hunter
 33421 | Swamp:4  | Got a decaying rune of Zot
 33875 | Orc:1    | Entered Level 1 of the Orcish Mines
 34225 | Orc:2    | Entered Level 2 of the Orcish Mines
 34259 | Orc:2    | Reached XP level 18. HP: 146/148 MP: 0/0
 34796 | Orc:2    | Found Ececo's Armour Shop.
 34796 | Orc:2    | Found Ryacuk's Jewellery Shoppe.
 34796 | Orc:2    | Found Ydaemogh's General Store.
 34796 | Orc:2    | Found Utynwot's Antique Weapon Boutique.
 34868 | Orc:2    | Bought 2 potions of might for 104 gold pieces
 34893 | Orc:2    | Found a staircase to the Elven Halls.
 35297 | Elf:1    | Entered Level 1 of the Elven Halls
 35455 | Elf:1    | Found Cihun's Antique Weapon Emporium.
 35501 | Elf:1    | Bought a runed double sword for 540 gold pieces
 35689 | Elf:1    | Reached skill level 15 in Fighting
 35816 | Elf:1    | Paralysed by an air elemental for 1 turns
 35874 | Elf:1    | Noticed an Ice Fiend
 35879 | Elf:1    | Demolished by an Ice Fiend

Illustrated notes

Levels and vault maps discovered:
D:1:      onia_arrival_mini_spirals, layout_loops_ring, patterned_corridor
D:2:      layout_basic
D:3:      layout_rooms, hellmonk_ecumenical_altar_prayer_group,
          minmay_misc_feat_four_crosses
D:4:      layout_cave_pools, fedhas_ov_isle_minmay
D:5:      layout_basic, nicolae_overflow_crystal_walls, uniq_ijyb,
          uniq_prince_ribbit1
D:6:      layout_basic, nicolae_gozag_cash_rules_everything_around_me,
          minmay_temple_entry_nine_rooms, minmay_increasing_density
D:7:      layout_basic, mainiacjoe_overflow_tiny_flanked, kennysheep_little_box,
          mainiacjoe_overflow_chevrons, serial_glass, glass_columns_b,
          glass_columns_b, glass_columns_b, glass_columns_b
D:8:      layout_gridville
D:9:      minmay_imperfect_grid, layout_gridville,
          mainiacjoe_overflow_concentric_impassable, enter_bailey_2,
          minivault_25, uniq_psyche, uniq_erica, uniq_grum
D:10:     layout_long_grid, lair_entry_dummy, orc_0_dummy, uniq_fannar
D:11:     layout_loops_cross, serial_park_tiny_2, led_sif_book, uniq_erolcha,
          uniq_snorg, uniq_urug, uniq_nergalle
D:12:     layout_rooms, special_room [special_room_bee]
D:13:     minmay_shoctagon, layout_loops_ring, chequers_mini_garden,
          corexii_checkpoint_a, hangedman_decor_clover_reticule
D:14:     layout_long_grid, grunt_vaults_entry_fortified, serial_bayou_pond_d
D:15:     grunt_enter_depths_snipers, layout_basic, biasface_ghost_orc_armoury
Lair:1:   layout_cave_pods, gauntlet_entry_generic, infiniplex_staircase_pool_2,
          grunt_megastairs_2
Lair:2:   layout_loops_ring, serial_bayou_shore_b
Lair:3:   gammafunk_indiana_jones, layout_big_grid
Lair:4:   layout_concentric_octagons, swamp_mist, guppyfry_snake_entry_garden,
          disabler_island, lemuel_fruit_tree, grunt_megastairs_3
Lair:5:   layout_small_grid, slime_altar_1, basic_altar,
          minmay_stone_trees_small
Lair:6:   hellmonk_lair_end_abyssal_woods, layout_misc_corridors, basic_altar,
          grunt_forest_large_clearings
Swamp:1:  layout_basic_swamp, nicolae_swamp_tree_isthmus, swamp_pool3
Swamp:2:  layout_basic_swamp, evilmike_swamp_ruin_rubble_1, swamp_pool3
Swamp:3:  layout_falls_marsh, evilmike_swamp_ruin_rubble_2
Swamp:4:  swamp, layout_basic_swamp, infiniplex_staircase_pool
Orc:1:    layout_caves
Orc:2:    st_orc_ogre_mass, layout_caves, basic_altar
Elf:1:    eino_elf_arrival_the_gate, layout_onion_city, serial_shops,
          nicolae_shop_trees, nicolae_lakefront_shop, shop, orc_legates,
          uniq_louise

Skill      XL: |  1  2  3  4  5  6  7  8  9 10 11 12 13 14 15 16 17 18 |
---------------+-------------------------------------------------------+-----
Long Blades    | 3 4 5 6 8 11 12 13 | 13.2
Stealth        | 1 2 |  2.0
Throwing       | 2 3 4 5 7 |  7.0
Spellcasting   | 1 2 3 4 7 8 |  8.0
Evocations     | 4 5 7 8 10 11 | 11.7
Armour         | 2 3 6 8 9 11 | 11.6
Fighting       | 5 9 10 11 12 13 14 15 | 15.0
Shields        | 3 6 7 |  7.0
Dodging        | 4 7 8 10 11 12 | 12.4

Action                   |  1- 3 |  4- 6 |  7- 9 | 10-12 | 13-15 | 16-18 || total
-------------------------+-------+-------+-------+-------+-------+-------++-------
Melee: Long sword        |    63 |   177 |   433 |       |       |       ||   673
       Scimitar          |       |       |    30 |   120 |  1479 |  1506 ||  3135
       Double sword      |       |       |       |       |       |    68 ||    68
Throw: Stone             |     7 |       |       |     4 |     2 |       ||    13
       Throwing net      |     4 |     5 |     1 |       |       |       ||    10
       Dart              |       |     3 |    42 |    14 |    87 |     4 ||   150
       Boomerang         |       |       |    26 |    18 |    36 |     8 ||    88
       Javelin           |       |       |     5 |    23 |     7 |       ||    35
 Cast: Animate Skeleton  |       |     1 |       |       |       |       ||     1
       Petrify           |       |       |       |       |       |     1 ||     1
Invok: Curse Item        |       |       |     2 |       |     5 |       ||     7
Evoke: Wand              |       |       |     5 |    17 |    23 |    41 ||    86
       Phantom mirror    |       |       |       |       |     2 |     2 ||     4
  Use: Scroll            |       |       |     6 |       |    10 |    10 ||    26
       Potion            |       |       |     3 |     2 |    10 |     3 ||    18
 Stab: Held in net/web   |     1 |       |       |       |       |       ||     1
       Sleeping          |     2 |     7 |       |       |       |       ||     9
       Paralysed         |       |       |       |    12 |     1 |     3 ||    16
       Distracted        |       |       |       |       |     2 |     3 ||     5
       Invisible         |       |       |       |       |     3 |       ||     3
       Petrified         |       |       |       |       |       |     8 ||     8
       Petrifying        |       |       |       |       |       |     1 ||     1
       Confused          |       |       |       |       |       |     1 ||     1
Armor: Leather armour    |    22 |    62 |   139 |       |       |       ||   223
       Plate armour      |       |       |   116 |   104 |   728 |   865 ||  1813
Dodge: Dodged            |    40 |   115 |   271 |    34 |   497 |   733 ||  1690
Block: Buckler           |       |       |       |       |   576 |   925 ||  1501
       Reflection        |       |       |       |       |    18 |    71 ||    89
       Rpst.: Long sword |    13 |    45 |    71 |       |       |       ||   129
       Scimitar          |       |       |     1 |    12 |   133 |   143 ||   289
       Double sword      |       |       |       |       |       |     8 ||     8
